 Dungeon Crawl Stone Soup version 0.24.0-13-gcf9b3192b9 (webtiles) character file.

Game seed: 10073317839491289413, levelgen mode: deterministic

20216 Syrinius the Frost Mage (level 12, -6/82 HPs)
             Began as an Octopode Ice Elementalist on Nov 9, 2019.
             Was an Elder of Sif Muna.
             Killed from afar by an efreet (9 damage)
             ... with a fireball
             ... in a Gauntlet on Nov 10, 2019.
             The game lasted 01:57:01 (20051 turns).

Syrinius the Frost Mage (OpIE)                     Turns: 20051, Time: 01:57:01

Health: -6/82      AC:  1    Str: 10    XL:     12   Next: 77%
Magic:  4/29       EV: 25    Int: 25    God:    Sif Muna [****..]
Gold:   270        SH:  0    Dex: 15    Spells: 2/22 levels left

rFire    + . .     SeeInvis +   S - staff of cold
rCold    + + .     Gourm    .   (no shield)
rNeg     . . .     Faith    .   (helmet restricted)
rPois    .         Spirit   .   (no amulet)
rElec    .         Reflect  .   c - ring of see invisible
rCorr    .         Harm     .   m - ring of protection from fire
MR       .....     NoTele   +   q - +3 ring of dexterity
Stlth    +++.......             z - +6 ring of evasion
HPRegen  0.23/turn              F - ring of magical power
MPRegen  0.21/turn              L - ring of protection from fire
                                Q - ring of the Duchess {Ice +Blink Str+2 Int+3}
                                A - ring of wizardry

@: very slightly contaminated
A: almost no armour, stealthy swim, amphibious, 8 rings, constrict 8, camouflage
1, gelatinous body 1
a: Channel Magic, Forget Spell, Divine Exegesis, Renounce Religion, Evoke Blink


You were in a Gauntlet.
You worshipped Sif Muna.
Sif Muna was greatly pleased with you.
You were very hungry.

You visited 3 branches of the dungeon, and saw 14 of its levels.
You also visited: Ossuary and Gauntlet.

You collected 913 gold pieces.
You spent 643 gold pieces at shops.

Inventory:

Hand Weapons
 t - a +1 spear of venom
 R - the +8 broad axe of Fedhas's Esteem {protect, Int+2}
   (You found it on level 11 of the Dungeon)

   It grants its wielder temporary protection when it strikes (+7 to AC).
   It affects your intelligence (+2).
Missiles
 y - 4 throwing nets
 K - 5 atropa-tipped darts (quivered)
 U - 7 boomerangs of dispersal
Magical Staves
 S - an uncursed staff of cold (weapon)
Jewellery
 c - a ring of see invisible (left tentacle)
 d - the ring "Eratorr" {rN+ MP+9 Int-4 Stlth+, unknown}
   (You found it in a Gauntlet)

   [ring of magical power]

   It affects your intelligence (-4).
   It protects you from negative energy.
   It affects your magic capacity (+9).
   It makes you more stealthy.
 m - a ring of protection from fire (right tentacle)
 q - a +3 ring of dexterity (on tentacle)
 z - a +6 ring of evasion (on tentacle)
 A - a ring of wizardry (on tentacle)
 F - a ring of magical power (on tentacle)
 L - a ring of protection from fire (on tentacle)
 Q - the ring of the Duchess (on tentacle) {Ice +Blink Str+2 Int+3}
   (You bought it in a shop on level 11 of the Dungeon)

   [ring of ice]

   It enhances your ice magic.
   It affects your strength (+2).
   It affects your intelligence (+3).
   It makes you vulnerable to fire.
   It protects you from cold.
   It lets you blink.
Wands
 x - a wand of random effects (17)
 B - a wand of paralysis (7)
 D - a wand of iceblast (18)
 H - a wand of digging (7)
 M - a wand of disintegration (9)
 O - a wand of flame (10)
 P - a wand of polymorph (3)
Scrolls
 g - 3 scrolls of blinking
 h - 4 scrolls of remove curse
 j - a scroll of fear
 l - 4 scrolls of teleportation
 p - 10 scrolls of identify
 s - 2 scrolls of noise
 C - a scroll of enchant armour
 E - a scroll of fog
 G - a scroll of amnesia
 J - a scroll of summoning {unknown}
 N - a scroll of enchant weapon {unknown}
 W - a scroll of random uselessness {unknown}
Potions
 a - 3 potions of mutation
 e - 4 potions of curing
 f - 3 potions of magic
 i - a potion of agility
 k - 6 potions of might
 n - 5 potions of haste
 o - 3 potions of flight
 r - 2 potions of berserk rage
 v - 2 potions of lignification
Miscellaneous
 u - a phial of floods (inert)
 w - a sack of spiders
 T - a lamp of fire
Comestibles
 b - 22 rations


   Skills:
 - Level 8.1 Fighting
 - Level 9.0 Dodging
 - Level 2.6 Stealth
 + Level 5.8 Spellcasting
 + Level 6.8 Conjurations
 - Level 2.0 Charms
 - Level 5.0 Summonings
 + Level 10.2 Ice Magic
 * Level 3.6 Air Magic
 + Level 4.9 Invocations
 - Level 8.0 Evocations


You had 2 spell levels left.
You knew the following spells:

 Your Spells              Type           Power        Failure   Level  Hunger
a - Freeze                Ice            ####         1%          1    None
c - Ozocubu's Armour      Chrm/Ice       ######..     1%          3    #......
d - Throw Frost           Conj/Ice       ######       1%          2    None
e - Summon Ice Beast      Ice/Summ       #######.     1%          4    ###....
s - Throw Icicle          Conj/Ice       #######.     1%          4    ###....
w - Freezing Cloud        Conj/Ice/Air   #######...   26%         6    ######.

Your spell library contained the following spells:

 Spells                   Type           Power        Failure   Level  Hunger
 Sting                    Conj/Pois      ###.         1%          1    None
 Summon Butterflies       Summ           ####....     1%          1    None
 Poisonous Vapours        Pois/Air       ###...       2%          2    None
 Beastly Appendage        Tmut           #.....       3%          1    None
 Sticks to Snakes         Tmut           #.......     4%          2    None
 Call Canine Familiar     Summ           ####....     1%          3    #......
 Conjure Flame            Conj/Fire      ###.....     2%          3    #......
 Mephitic Cloud           Conj/Pois/Air  ###.....     2%          3    #......
 Ice Form                 Ice/Tmut       ######..     4%          4    ###....
 Force Lance              Conj/Tloc      ###.....     8%          4    ###....
 Spider Form              Tmut/Pois      #.........   9%          3    #......
 Iskenderun's Battlesphe  Conj/Chrm      ####....     14%         5    #####..
 Venom Bolt               Conj/Pois      ###.......   21%         5    #####..
 Summon Mana Viper        Hex/Summ       ###.....     28%         5    #####..
 Blade Hands              Tmut           #.........   61%         5    #####..
 Summon Hydra             Summ           ####......   96%         7    #######
 Ring of Flames           Chrm/Fire      ##........   100%        7    #######


Dungeon Overview and Level Annotations

Branches:
Dungeon (12/15)            Temple (1/1) D:5            Lair (1/6) D:11
    Orc (0/2) D:10        Ossuary (visited)         Gauntlet (1/1)

Altars:
Ashenzari
Cheibriados
Dithmenos
Fedhas
Gozag
Hepliaklqana
Kikubaaqudgha
Makhleb
Okawaru
Qazlal
Ru
Sif Muna
Trog
Uskayaw
Vehumet
Xom
Yredelemnul
Zin
The Shining One
Beogh

Shops:
D:7 %   D:11 =

Portals:
Trove: D:10 (show slimy rune of Zot)

Annotations:
D:10 Slimy rune trove
D:11 3 runed translucent doors, Tsarbomb's ghost, journeyman DsGl Gauntlet 11 transporters


Innate Abilities, Weirdness & Mutations

You cannot wear most types of armour.
You are very stealthy in the water. (Stealth+)
You are amphibious.
You can wear up to eight rings at the same time.
You can use your tentacles to constrict eight enemies at once.
Your skin changes colour to match your surroundings (Stealth+).
Your rubbery body absorbs attacks. (AC +1, EV +1)


Message History

The fireball explodes!
The fireball engulfs you! You resist.
* * * LOW HITPOINT WARNING * * *
Press: ? - help, v - describe, . - travel
Here: an efreet, wielding a +0 scimitar of flaming The floor.
Casting: Throw Icicle (safe; 1% risk of failure)
Confirm with . or Enter, or press ? or * to list all spells.
Aiming: Throw Icicle (safe; 1% risk of failure)
Press: ? - help, Shift-Dir - straight line, f - efreet
Aim: an efreet, wielding a +0 scimitar of flaming
Okay, then.
Unknown command.
Evoke which item? (* to show all) (? for menu, Esc to quit)
Aiming: Paralyse
Press: ? - help, Shift-Dir - straight line, f - efreet
Aim: an efreet, wielding a +0 scimitar of flaming (chance to defeat MR: 69%)
The efreet struggles to resist.
The efreet gestures at you.
The fireball explodes!
The fireball engulfs you! You resist.
You die...

..###########...............≈#
..............8.....8.....8.##
.8.....8.....................##
...............###########...§#
...#########...##.......##...##
...#......J#...#.#..^.^#.#.∩.≈#
...#....##J#####..#...#○.#...##
...#$.##.#J#...#?..#.#○.R#...≈#
.8.#©.#©.#J#©.©#@.R○#○○°.#©8.##
...#?#..##.#...#...#.#☼°.#...≈#
...#J####..#####!.#...#..#..§##
...#.JJJJ..#...#.#.....#.#.∩§§#
...#########...##.......##..§##
...............###########...≈#
.8.....8.....................##
..............8.....8.....8.##
..###########...............≈#


You could see 2 slime creatures, a death ooze, an efreet and a jelly.

Vanquished Creatures
  Snorg (D:10)
  Erolcha (D:10)
  A hydra (D:12)
  3 two-headed ogres
  An unseen horror (D:10)
  2 ugly things
  A deep elf mage (D:9)
  A cyclops (D:11)
  A manticore (D:11)
  A gargoyle (D:12)
  Psyche (D:10)
  A rime drake (Lair:1)
  2 komodo dragons (Lair:1)
  A hornet (D:12)
  Prince Ribbit (D:5)
  A troll (D:11)
  6 slime creatures (D:12)
  A hippogriff (D:9)
  A shadow (D:11)
  Sigmund (D:6)
  2 fire elementals (Gauntlet)
  A hungry ghost (D:12)
  6 yaks
  A hell hound (Gauntlet)
  A water moccasin (D:9)
  An orc warrior (D:8)
  3 ice beasts
  A phantom (D:12)
  2 sky beasts
  2 ogres
  4 wolves (Lair:1)
  5 centaurs
  2 crocodiles
  6 bullfrogs
  A big kobold (D:7)
  2 elf zombies (Ossuary)
  A wyvern skeleton (D:9)
  2 scorpions
  7 killer bees
  3 wights (D:12)
  An electric eel (D:8)
  2 howler monkeys (D:4)
  2 crimson imps
  4 quasits
  A bullfrog zombie (D:12)
  12 hounds
  3 orc priests
  A gnoll shaman (D:8)
  11 orc wizards
  3 bullfrog skeletons
  Crazy Yiuf (D:4)
  2 centaur skeletons
  Jessica (D:2)
  2 iguanas
  5 worker ants
  2 big kobold zombies (Ossuary)
  A bullfrog simulacrum (D:11)
  4 mummies (Ossuary)
  Robin (D:2)
  5 gnolls
  16 adders
  2 shadow imps
  2 oozes
  3 adder zombies (Ossuary)
  6 worms
  A dart slug (D:2)
  6 leopard geckos
  36 orcs
  2 ball pythons
  5 bats
  6 giant cockroaches
  18 goblins
  7 hobgoblins
  5 jackals
  7 quokkas
  2 frilled lizards
  A goblin zombie (Ossuary)
  A hobgoblin zombie (Ossuary)
  A jackal zombie (Ossuary)
  12 kobolds
  A leopard gecko skeleton (D:4)
  A leopard gecko zombie (D:6)
  2 rats
  2 rat zombies (Ossuary)
291 creatures vanquished.

Vanquished Creatures (collateral kills)
  Josephine (D:10)
  A great orb of eyes (D:11)
  Fannar (D:11)
  A hydra (D:11)
  A two-headed ogre (D:11)
  Joseph (D:10)
  2 spiny frogs (Lair:1)
  2 trolls
  2 hippogriffs
  4 wraiths
  7 yaks
  A fire elemental (Gauntlet)
  A hungry ghost (D:6)
  A soldier ant (D:12)
  3 orc warriors
  2 sky beasts
  A phantom (D:9)
  3 ogres
  A wolf (Lair:1)
  2 bullfrogs
  A water moccasin skeleton (D:7)
  4 killer bees
  A quasit (D:11)
  A bullfrog zombie (D:8)
  4 orc priests
  2 hounds
  2 jellies
  3 orc wizards
  4 worker ants
  3 gnolls (D:8)
  A howler monkey skeleton (D:7)
  2 adders (D:8)
  A shadow imp (D:11)
  An adder zombie (D:9)
  20 orcs
  A quokka (D:7)
89 creatures vanquished.

Vanquished Creatures (others)
  3 demonic plants (Gauntlet)
3 creatures vanquished.

Grand Total: 383 creatures vanquished

Notes
Turn   | Place    | Note
-------+----------+-------------------------------------------
     0 | D:1      | Syrinius the Octopode Ice Elementalist began the quest for
                  | the Orb.
     0 | D:1      | Reached XP level 1. HP: 11/11 MP: 3/3
   151 | D:1      | Reached XP level 2. HP: 17/17 MP: 1/5
   181 | D:1      | Learned a level 2 spell: Throw Frost
  1065 | D:2      | Noticed Robin
  1065 | D:2      | Noticed Jessica
  1182 | D:2      | Reached XP level 3. HP: 19/21 MP: 0/6
  1245 | D:2      | Learned a level 3 spell: Ozocubu's Armour
  1255 | D:2      | Found a sacrificial altar of Ru.
  1257 | D:2      | Found a hide-covered altar of Uskayaw.
  1257 | D:2      | Found a shimmering altar of Xom.
  1261 | D:2      | Found a shimmering altar of Xom.
  1261 | D:2      | Found a shimmering altar of Xom.
  1261 | D:2      | Found a glowing golden altar of the Shining One.
  1261 | D:2      | You fall into a shaft and drop 1 floor!
  1780 | D:2      | Killed Robin
  1780 | D:2      | Reached XP level 4. HP: 24/27 MP: 0/7
  1953 | D:2      | Killed Jessica
  1953 | D:2      | Reached skill level 4 in Ice Magic
  2161 | D:2      | Found a hide-covered altar of Uskayaw.
  2283 | D:2      | Reached XP level 5. HP: 31/31 MP: 1/8
  3281 | D:3      | Found a bloodstained altar of Trog.
  3576 | D:4      | Reached skill level 1 in Charms
  3811 | D:4      | Reached XP level 6. HP: 32/36 MP: 3/9
  4004 | D:4      | Found a runed translucent door.
  4005 | D:4      | Noticed Crazy Yiuf
  4343 | D:4      | Killed Crazy Yiuf
  4452 | D:5      | Entered Level 5 of the Dungeon
  4622 | D:5      | Noticed Prince Ribbit
  4640 | D:5      | Killed Prince Ribbit
  4640 | D:5      | Reached XP level 7. HP: 19/41 MP: 0/11
  4726 | D:5      | Found a sand-covered staircase.
  4954 | Ossuary  | Entered an ossuary
  4970 | Ossuary  | Reached skill level 5 in Ice Magic
  4976 | Ossuary  | Reached skill level 5 in Conjurations
  5366 | Ossuary  | Reached XP level 8. HP: 46/46 MP: 2/13
  5786 | D:5      | Found a large runed translucent door.
  5786 | D:5      | Found a large runed translucent door.
  5791 | D:5      | Noticed a troll
  5878 | D:5      | Learned a level 4 spell: Throw Icicle
  5883 | D:5      | Learned a level 4 spell: Summon Ice Beast
  5919 | D:5      | Found a large runed translucent door.
  5919 | D:5      | Found a large runed translucent door.
  6019 | D:5      | Found a staircase to the Ecumenical Temple.
  6028 | Temple   | Entered the Ecumenical Temple
  6177 | Temple   | Became a worshipper of Sif Muna the Loreminder
  6662 | D:5      | Reached skill level 5 in Dodging
  6691 | D:5      | Reached skill level 1 in Fighting
  6895 | D:5      | Noticed a two-headed ogre
  7009 | D:6      | Found a bloodstained altar of Trog.
  7026 | D:6      | Noticed Sigmund
  7478 | D:6      | Found a burning altar of Makhleb.
  7547 | D:6      | Found a bloodstained altar of Trog.
  7686 | D:6      | Found a shattered altar of Ashenzari.
  7818 | D:6      | Reached skill level 6 in Ice Magic
  7824 | D:6      | Reached skill level 1 in Summonings
  8147 | D:6      | Reached XP level 9. HP: 53/55 MP: 5/15
  8533 | D:7      | Reached * piety under Sif Muna
  8539 | D:7      | Got a scintillating platinum amulet
  8540 | D:7      | Identified the amulet "Ceicoam" {Harm *Drain MR+} (You
                  | found it on level 7 of the Dungeon)
  8555 | D:7      | Found Zehihyacs's Food Emporium.
  9615 | D:7      | Found a stormy altar of Qazlal.
 10001 | D:7      | Reached skill level 7 in Ice Magic
 10300 | D:7      | Found a snail-covered altar of Cheibriados.
 10672 | D:8      | Found a burning altar of Makhleb.
 10749 | D:8      | Reached skill level 1 in Evocations
 10751 | D:8      | Reached skill level 8 in Ice Magic
 11052 | D:8      | Found an opulent altar of Gozag.
 11138 | D:8      | Noticed a two-headed ogre
 11199 | D:8      | Killed a two-headed ogre
 11199 | D:8      | Reached XP level 10. HP: 48/63 MP: 3/16
 11365 | D:8      | Reached ** piety under Sif Muna
 11518 | D:8      | Found a runed translucent door.
 11745 | D:8      | Found a roughly hewn altar of Beogh.
 11895 | D:8      | Found a basalt altar of Yredelemnul.
 12015 | D:6      | Killed Sigmund
 12293 | D:5      | Killed a two-headed ogre
 12293 | D:5      | Reached skill level 5 in Evocations
 12517 | D:9      | Found a shimmering altar of Xom.
 12522 | D:9      | Noticed a two-headed ogre
 12531 | D:9      | Killed a two-headed ogre
 13076 | D:9      | Noticed a deep elf mage
 13083 | D:9      | Killed a deep elf mage
 13210 | D:9      | Reached *** piety under Sif Muna
 13474 | D:9      | Reached XP level 11. HP: 70/70 MP: 5/17
 13550 | D:9      | Found a blossoming altar of Fedhas.
 13595 | D:9      | You fall into a shaft and drop 2 floors!
 13595 | D:11     | Found a shadowy altar of Dithmenos.
 13615 | D:11     | Reached skill level 5 in Summonings
 13616 | D:11     | Noticed a manticore
 13636 | D:11     | Noticed Fannar
 13921 | D:11     | Found Deesy's Jewellery Emporium.
 13921 | D:11     | Noticed a white ugly thing
 13963 | D:11     | Noticed a great orb of eyes
 13966 | D:11     | Reached skill level 5 in Fighting
 13973 | D:11     | Killed a great orb of eyes
 13973 | D:11     | Reached skill level 5 in Spellcasting
 13986 | D:11     | Noticed a two-headed ogre
 13986 | D:11     | Noticed a cyclops
 14005 | D:11     | Noticed a four-headed hydra
 14024 | D:11     | Killed a two-headed ogre
 14213 | D:10     | Entered Level 10 of the Dungeon
 14232 | D:10     | Noticed an unseen horror
 14240 | D:10     | Killed an unseen horror
 14473 | D:10     | Found a portal to a secret trove of treasure.
 14690 | D:10     | Noticed Josephine
 14911 | D:10     | Found a staircase to the Orcish Mines.
 14916 | D:10     | Noticed Erolcha
 15068 | D:10     | Noticed Joseph
 15776 | D:10     | Killed Joseph
 15851 | D:10     | Noticed Snorg
 15868 | D:10     | Killed Josephine
 15896 | D:10     | Killed Erolcha
 16184 | D:10     | Killed Snorg
 16354 | D:10     | Noticed Psyche
 16461 | D:10     | Killed Psyche
 16569 | D:11     | Bought the ring of the Duchess {Ice +Blink Str+2 Int+3} for
                  | 643 gold pieces
 16651 | D:11     | Killed a white ugly thing
 16881 | D:11     | Killed Fannar
 17054 | D:11     | Killed a cyclops
 17088 | D:11     | Found a runed translucent gate.
 17088 | D:11     | Found a runed translucent gate.
 17088 | D:11     | Found a runed translucent gate.
 17093 | D:11     | Noticed Tsarbomb's ghost (journeyman DsGl)
 17109 | D:11     | Killed a four-headed hydra
 17109 | D:11     | Reached skill level 9 in Ice Magic
 17109 | D:11     | Reached XP level 12. HP: 82/82 MP: 10/19
 17129 | D:11     | Reached **** piety under Sif Muna
 17175 | D:11     | Found a staircase to the Lair.
 17199 | D:11     | Reached skill level 1 in Invocations
 17379 | D:11     | Identified the Catalogue of Conjuration
 17381 | D:11     | Got a transparent broad axe
 18535 | D:12     | Learned a level 6 spell: Freezing Cloud
 18799 | D:12     | Reached skill level 1 in Air Magic
 18832 | D:12     | Noticed a seven-headed hydra
 19237 | D:12     | Killed a seven-headed hydra
 19237 | D:12     | Reached skill level 10 in Ice Magic
 19636 | Lair:1   | Entered Level 1 of the Lair of Beasts
 19667 | Lair:1   | Identified the +8 broad axe of Fedhas's Esteem {protect,
                  | Int+2} (You found it on level 11 of the Dungeon)
 19687 | Lair:1   | Found a gate leading to a gauntlet.
 19857 | Gauntlet | Entered a Gauntlet
 19857 | Gauntlet | Found a transporter.
 19860 | Gauntlet | Found a transporter.
 19872 | Gauntlet | Found a transporter.
 19876 | Gauntlet | Found a transporter.
 19890 | Gauntlet | Found a transporter.
 19906 | Gauntlet | Found a transporter.
 19909 | Gauntlet | Found a transporter.
 19913 | Gauntlet | Found a transporter.
 19914 | Gauntlet | Noticed a catoblepas
 19932 | Gauntlet | Noticed a death ooze
 19939 | Gauntlet | Found a transporter.
 19939 | Gauntlet | Found a transporter.
 19939 | Gauntlet | Found a transporter.
 19939 | Gauntlet | Noticed a hell hog
 19945 | Gauntlet | Noticed a cacodemon
 19947 | Gauntlet | Found a transporter.
 20042 | Gauntlet | Got a shimmering lapis lazuli ring
 20050 | Gauntlet | HP: 2/82 [efreet/fireball (14)]
 20051 | Gauntlet | Killed from afar by an efreet

Levels and vault maps discovered:
D:1:      dpeg_arrival_simpleton_b, layout_basic
D:2:      layout_rooms, eat_drink_and_be_merry_uskayaw, doesnt_xom_only_xom,
          uniq_robin, uniq_jessica
D:3:      layout_loops_ring, chequers_serial_rivers_micro_e, trog_butcher_becter
D:4:      layout_rooms, first_ration, interstate_on_off, uniq_crazy_yiuf_cottage
D:5:      minmay_chambers_of_fours, layout_basic,
          minmay_temple_entry_antechambers, nicolae_ossuary_entry_monument,
          skrybe_limestone_x, kennysheep_another_room,
          minmay_misc_feat_nine_boxes, minmay_hollow_rounded_squares,
          uniq_prince_ribbit1
D:6:      layout_cave_pods, lemuel_doored_altar, ashenzari_conservatory_becter,
          basic_altar, bloody_makhleb, uniq_sigmund
D:7:      layout_rooms, slow_altar_2, lemuel_crystal_altar, serial_shops,
          kennysheep_mini, chequers_avenue, grunt_ogre_cave
D:8:      cheibrodos_helix_gallery, layout_rooms, overflow_temple_1_default,
          lemuel_coloured_pillars_altar, marbit_many_paths,
          lightli_church_of_beogh
D:9:      layout_small_grid, overflow_temple_1_default, basic_altar,
          grunt_ministairs_2, nrook_campfire
D:10:     layout_rooms, enter_trove_1, uniq_erolcha, uniq_snorg, uniq_psyche,
          uniq_joseph, uniq_josephine
D:11:     minmay_the_grid_four_pointed_star
          [minmay_the_grid_triangle_9x9_swiss_cheese,
          minmay_the_grid_triangle_9x9_odd_lines,
          minmay_the_grid_triangle_9x9_empty,
          minmay_the_grid_triangle_9x9_negative_grid,
          minmay_the_grid_prize_shrinking_boxes], layout_irregular_city,
          serial_shops, shop, gammafunk_ghost_spectres,
          nicolae_dithmenos_shadow_blocks, uniq_fannar
D:12:     layout_loops_corners, lemuel_old_faithful
Temple:   minmay_temple_forest_path
Lair:1:   layout_cave_pods, gauntlet_entry_generic, patterned_corridor,
          lemuel_fruit_tree
Gauntlet: minmay_gauntlet_mixed_oops_all_seconds
          [minmay_gauntlet_arena_77_squiggly, nicolae_gauntlet_arena_x,
          minmay_gauntlet_arena_77_p_blocks,
          gammafunk_gauntlet_arena_arrow_garden,
          minmay_gauntlet_arena_77_hold_the_fort,
          nicolae_gauntlet_arena_t_cross, gauntlet_exit_hidden_loot]

Skill      XL: |  1  2  3  4  5  6  7  8  9 10 11 12 |
---------------+-------------------------------------+-----
Dodging        | 3 4 5 6 8 9 |  9.0
Conjurations   | 2 3 4 5 6 |  6.8
Ice Magic      | 4 5 6 8 9 10 | 10.2
Charms         | 1 2 |  2.0
Spellcasting   | 3 4 5 |  5.8
Fighting       | 2 4 8 |  8.1
Summonings     | 1 4 5 |  5.0
Evocations     | 3 7 8 |  8.0
Invocations    | 4 |  4.9
Air Magic      | 3 |  3.6
Stealth        | |  2.6

Action                   |  1- 3 |  4- 6 |  7- 9 | 10-12 || total
-------------------------+-------+-------+-------+-------++-------
Melee: Short sword       |    45 |    63 |       |       ||   108
       Constrict         |    10 |    24 |    52 |    41 ||   127
       Tentacles         |     8 |    17 |    39 |    35 ||    99
       Trident           |       |    50 |    65 |       ||   115
       Spear             |       |       |   201 |   170 ||   371
       Staff             |       |       |       |    39 ||    39
 Cast: Freeze            |    17 |    39 |    31 |     6 ||    93
       Throw Frost       |     9 |    24 |    80 |    27 ||   140
       Ozocubu's Armour  |     1 |    10 |    20 |    10 ||    41
       Summon Ice Beast  |       |       |    32 |    87 ||   119
       Throw Icicle      |       |       |       |   149 ||   149
Invok: Channel Magic     |       |       |       |     1 ||     1
 Abil: Evoke Blink       |       |       |       |     2 ||     2
Evoke: Wand              |       |       |       |     3 ||     3
       Phial of floods   |       |       |       |     2 ||     2
       Sack of spiders   |       |       |       |     1 ||     1
  Use: Scroll            |     3 |     3 |     8 |    14 ||    28
       Potion            |       |     1 |     1 |     4 ||     6
 Stab: Sleeping          |     6 |     9 |    12 |     2 ||    29
       Distracted        |       |     1 |     3 |     1 ||     5
  Eat: Chunk             |     4 |    10 |    22 |    50 ||    86
       Ration            |       |       |     3 |     4 ||     7
Armor: Skin              |     2 |     7 |    52 |    13 ||    74
Dodge: Dodged            |    23 |    92 |   302 |   367 ||   784
